 Dungeon Crawl Stone Soup version 0.23.2-40-g277498a001 (webtiles) character file.

Game seed: 1241190179858932344

58 Riddle the Skirmisher (level 3, 0/29 HPs)
             Began as a Mummy Chaos Knight on Sept 4, 2019.
             Was a Plaything of Xom.
             Slain by an adder (1 damage)
             ... on level 2 of the Dungeon.
             The game lasted 00:05:41 (1442 turns).

Riddle the Skirmisher (Mummy Chaos Knight)          Turns: 1442, Time: 00:05:41

Health: 0/29       AC:  3    Str: 16    XL:     3   Next: 76%
Magic:  3/3        EV: 11    Int: 11    God:    Xom [.....*]
Gold:   123        SH:  0    Dex: 11    Spells: 2/2 levels left

rFire    x . .     SeeInvis .   a - +0 hand axe (chaos)
rCold    + . .     Gourm    .   (no shield)
rNeg     + + +     Faith    .   d - +0 leather armour (curse)
rPois    ∞         Spirit   .   (no helmet)
rElec    .         Reflect  .   (no cloak)
rCorr    .         Harm     .   (no gloves)
MR       .....                  (no boots)
Stlth    +.........             (no amulet)
HPRegen  0.09/turn              (no ring)
MPRegen  0.08/turn              (no ring)

@: no status effects
A: no food or potions, fire vulnerability, cold resistance 1, negative energy
resistance 3, torment resistance, unbreathing
a: Renounce Religion


You were on level 2 of the Dungeon.
You worshipped Xom.
You were Xom's teddy bear.
You were not hungry.

You visited 1 branch of the dungeon, and saw 2 of its levels.

You collected 123 gold pieces.

Inventory:

Hand Weapons
 a - a +0 hand axe of chaos (weapon)
Armour
 b - a +2 leather armour
 d - a cursed +0 leather armour (worn)
Scrolls
 c - 2 scrolls of identify {unknown}
 e - a scroll of immolation {unknown}
 f - a scroll of remove curse {unknown}
 g - a scroll of enchant armour {unknown}


   Skills:
 + Level 3.5 Fighting
 + Level 2.8 Axes
 + Level 2.1 Armour
 + Level 1.5 Dodging


You had 2 spell levels left.
You didn't know any spells.
Your spell library was empty.

Dungeon Overview and Level Annotations

Branches:
Dungeon (2/15)

Altars:
Fedhas
Gozag
Qazlal


Innate Abilities, Weirdness & Mutations

You do not eat or drink.
Your flesh is vulnerable to fire.
You are immune to poison.
Your flesh is cold resistant. (rC+)
You are immune to negative energy. (rN+++)
You are immune to unholy pain and torment.
You can survive without breathing.


Message History

You hit the adder.
The adder flickers and vanishes!
Deactivating autopickup; reactivate with Ctrl-A.
Something barely misses you. Something bites you but does no damage.
No target in view!
No target in view!
You hit something but do no damage. Something bites you. x2
You hit something but do no damage. Something bites you.
Something barely misses you.
You barely miss something. Something bites you. x2
* * * LOW HITPOINT WARNING * * *
You closely miss something. Something bites you but does no damage.
Something bites you.
* * * LOW HITPOINT WARNING * * *
Something bites you.
* * * LOW HITPOINT WARNING * * *
You miss something. Something bites you.
* * * LOW HITPOINT WARNING * * *
Something bites you.
You die... "I guess I need a new plaything now."

..........#.#
[..
†P.P........#
#.#.
.._...#.#####
#... .P.P.##.#
#.# .....##.#
#.# .(.#.##.#
#.# ........#
#.# ####.####
#{# # #.# #@#
#.# #.#
####.### #.#
.......# #.#
####.#.# #.#
.....#.# #.#
######.### #.#
#.....# #.#
#.#.#.#######.#


There were no monsters in sight!

Vanquished Creatures
  Jessica (D:2)
  2 dart slugs (D:1)
  A leopard gecko (D:1)
  A giant cockroach (D:1)
  4 goblins
  5 jackals
  2 kobolds (D:1)
  A ball python (D:1)
  3 bats (D:1)
  4 frilled lizards
  4 rats
28 creatures vanquished.

Notes
Turn   | Place    | Note
-------+----------+-------------------------------------------
     0 | D:1      | Riddle the Mummy Chaos Knight began the quest for the Orb.
     0 | D:1      | Reached XP level 1. HP: 18/18 MP: 1/1
    50 | D:1      | Reached skill level 1 in Dodging
   116 | D:1      | XOM: harmless Erth miscast
   178 | D:1      | Reached XP level 2. HP: 24/24 MP: 2/2
   599 | D:1      | XOM: medium Tloc miscast
  1088 | D:1      | XOM: scenery: 2 doors close
  1152 | D:2      | Noticed Jessica
  1163 | D:2      | Killed Jessica
  1163 | D:2      | Reached XP level 3. HP: 23/29 MP: 3/3
  1249 | D:2      | Found an opulent altar of Gozag.
  1270 | D:2      | Found a blossoming altar of Fedhas.
  1356 | D:2      | Found a stormy altar of Qazlal.
  1356 | D:2      | XOM: 6-stop teleportation journey
  1442 | D:2      | HP: 1/29 [something (1)]
  1442 | D:2      | Slain by an adder

Skill      XL: |  1  2 |
---------------+-------+-----
Dodging        | 1 |  1.5
Armour         | 2 |  2.1
Fighting       | |  3.5
Axes           | |  2.8

Action                   || total
-------------------------++-------
Melee: Hand axe          ||    96
Armor: Leather armour    ||    20
Dodge: Dodged            ||    67
